Map: [ESL] Alcyone

Players

Bly

  • Race: Zerg Zerg
  • Spawn Location: 7:00

Elazer - Winner!

  • Race: Zerg Zerg
  • Spawn Location: 1:00

Event: ESL SC2 Masters 2023 Winter (Regional)

VOD

Have the link to the VOD?

Description

Time

  • Played on: Nov. 3, 2023, 12:38 p.m.
  • Length: 5:11

All games in this series

Show
View Real Time Build Order
Export as new Build Order

Bly Zerg 

Build Orders: Hatch First 

Get SALT Encoding   

  12  0:00  Drone  
  13  0:12  Overlord  
  13  0:16  Drone  
  14  0:30  Drone x2  
  16  0:45  Drone  
  17  0:54  Drone  
  18  0:57  Drone, Hatchery  
  18  1:07  Extractor  
  17  1:12  Spawning Pool  
  17  1:17  Drone  
  17  1:18  Drone  
  18  1:27  Drone  
  19  1:38  Drone  
  20  1:55  Overlord  
  20  2:00  Queen  
  22  2:09  Queen  
  22  2:13  Zergling x2  
  22  2:15  Metabolic Boost  
  25  2:20  Zergling x4  
  27  2:32  Zergling x4  
  27  2:36  Roach Warren  
  28  2:48  Spine Crawler  
  27  3:05  Zergling x12  
  27  3:19  Roach x4  
  28  3:27  Roach  
  28  3:34  Roach  
  25  3:45  Zergling x4  
  26  3:58  Zergling x2  
  22  4:10  Roach  
  22  4:11  Zergling x4  
  22  4:23  Roach  
  21  4:28  Roach  
  21  4:33  Roach  
  20  4:47  Roach  
  20  4:49  Drone  
Show
View Real Time Build Order
Export as new Build Order

Elazer Zerg - Winner!

Build Orders: Pool First 

Get SALT Encoding   

  12  0:00  Drone  
  13  0:12  Overlord  
  13  0:16  Drone  
  14  0:30  Drone x2  
  14  0:34  Drone  
  17  0:44  Extractor, Drone  
  17  0:49  Spawning Pool  
  16  0:55  Drone  
  17  1:14  Hatchery  
  16  1:20  Drone  
  17  1:32  Drone  
  18  1:35  Queen  
  18  1:37  Zergling x2  
  21  1:45  Metabolic Boost  
  21  1:50  Zergling x2  
  22  1:55  Overlord  
  22  2:04  Baneling Nest  
  22  2:07  Zergling x2  
  22  2:14  Zergling x2  
  23  2:21  Zergling x2  
  24  2:27  Zergling x2  
  24  2:29  Queen  
  27  2:35  Zergling x2  
  27  2:38  Zergling x2  
  27  2:43  Zergling x2  
  29  2:48  Baneling  
  29  2:53  Zergling x2  
  30  3:00  Zergling x4  
  31  3:05  Zergling x4  
  32  3:13  Zergling x2  
  32  3:14  Zergling x2  
  32  3:19  Zergling x4  
  35  3:28  Zergling x2  
  35  3:31  Overlord  
  35  3:41  Zergling x2  
  35  3:46  Baneling x3  
  36  3:49  Zergling x8  
  39  3:57  Zergling x2  
  37  4:09  Zergling x12  
  40  4:14  Zergling x2  
  40  4:22  Zergling x2  
  39  4:26  Zergling x2  
  39  4:29  Zergling x2  
  39  4:30  Zergling x4  
  42  4:35  Zergling x4  
  43  4:49  Overlord  
Tags
 
Add a new tag
Caveats
  • Supply blocks, unpowered buildings, or Contaminate may cause inaccurate times.
  • Supply counts are checked every 10 seconds.